 Dungeon Crawl Stone Soup version 0.31-a0-765-g67fe2935dc (webtiles) character file.

Game seed: 6298312115236851213

170 LeprechaunX the Changeling (level 5, -1/34 HPs)
             Began as an Octopode Shapeshifter on Sept 15, 2023.
             Slain by an orc wizard
             ... wielding a +0 dagger
              (5 damage)
             ... on level 4 of the Dungeon.
             The game lasted 00:02:49 (2605 turns).

LeprechaunX the Changeling (Octopode Shapeshifter)  Turns: 2605, Time: 00:02:50

Health: -1/34      AC:  1    Str: 15    XL:     5   Next: 51%
Magic:  5/5        EV: 13    Int: 12    God:
Gold:   103        SH:  0    Dex: 12    Spells: 4/4 levels left

rFire   . .          .
                       - Unarmed
rCold   . . .        (no shield)
rNeg    . . .        (helmet currently unavailable)
rPois   .            (no amulet)
rElec   .            (no ring)
rCorr   .            (no ring)
SInv    .            (no ring)
Will    +....        (no ring)
Stlth   ++           (no ring)
HPRegen 0.25/turn    (no ring)
MPRegen 0.09/turn    (no ring)
                     (no ring)

%: no passive effects
@: beast-form, enlightened, flying
A: beast (slay +2), almost no armour, amphibious, 8 rings, camouflage 1,
gelatinous body 1, (nimble swimmer 1), tentacles
a: Begin Untransformation


You were on level 4 of the Dungeon.
You were a hulking beast.
You visited 1 branch of the dungeon, and saw 4 of its levels.

You collected 103 gold pieces.

Inventory:

Hand Weapons
 p - a +0 sling
Missiles
 r - 6 boomerangs
Talismans
 b - a beast talisman (active)
 c - a flux talisman
Scrolls
 d - 2 scrolls of noise {unknown}
 e - a scroll of immolation
 g - a scroll of amnesia {unknown}
 h - 3 scrolls of identify {unknown}
 j - a scroll of silence {unknown}
 q - a scroll of brand weapon {unknown}
 s - a scroll of butterflies {unknown}
 t - a scroll of teleportation {unknown}
Potions
 a - a potion of lignification
 f - a potion of heal wounds {unknown}
 i - 2 potions of enlightenment
 k - a potion of attraction {unknown}
 l - a potion of haste {unknown}
 m - a potion of mutation {unknown}
 n - a potion of invisibility {unknown}
 o - 2 potions of curing


   Skills:
 + Level 2.3 Fighting
 + Level 3.0 Dodging
 + Level 3.8 Unarmed Combat
 * Level 4.2 Shapeshifting


You had 4 spell levels left.
You didn't know any spells.
Your spell library contained the following spells:

 Spells                   Type           Power      Damage    Failure   Level
 Shock                    Conj/Air       0%         1d3       32%         1
 Swiftness                Air            0%         N/A       69%         3
 Airstrike                Air            0%         2d(0-16)  97%         4


Dungeon Overview and Level Annotations

Branches:
Dungeon (4/15)
 Temple: D:4-7

Altars:

Annotations:
D:4 Robin


Innate Abilities, Weirdness & Mutations

You are a hulking beast.
Your limbs bulge with bestial killing power. (Slay +2)
You cannot wear most types of armour.
You are amphibious.
You can wear up to eight rings at the same time.
Your skin changes colour to match your surroundings (Stealth+).
Your rubbery body absorbs attacks. (AC +1, EV +1)
((You are camouflaged when in or above water. (Stealth+)))
You have tentacles for arms and can constrict up to eight enemies at once.


Message History

Something hits you.
Items here: )) [ ††.
You tentacle-slap the hobgoblin but do no damage.
You grab the hobgoblin.
You constrict the hobgoblin, but do no damage.
The hobgoblin hits you.
You tentacle-slap the hobgoblin.
The hobgoblin is severely wounded.
You constrict the hobgoblin. Something hits you.
You release your grip on the hobgoblin.
Something hits you.
* * * LOW HITPOINT WARNING * * *
You bludgeon the hobgoblin!
You kill the hobgoblin!
Something hits you.
* * * LOW HITPOINT WARNING * * *
You tentacle-slap something but do no damage.
You hear some strange, mumbled words.
You are confused.
Unknown command.
It was a potion of enlightenment.
You feel very buoyant.
You fly up into the air.
Something hits you.
* * * LOW HITPOINT WARNING * * *
It was a potion of curing.
You feel better.
You hear some strange, mumbled words.
A puff of flame appears from out of thin air!
The puff of flame misses you.
You tentacle-slap something but do no damage.
Something hits you.
You tentacle-slap something but do no damage.
Something hits you.
You closely miss something. Your squeeze misses something.
You hear some strange, mumbled words.
A magic dart appears from out of thin air!
The magic dart hits you!
* * * LOW HITPOINT WARNING * * *
You miss something. Your squeeze misses something. Something hits you.
* * * LOW HITPOINT WARNING * * *
You barely miss something. Your squeeze misses something. Something hits you.
You die...

##.....<......
##...........
###.........
#.........
##.>.####.
#..## ##).##
##{...#
#h....#
#.....#....#
##..####=.##
##. ..# #.
##.# ## #.. .#


There were no monsters in sight!

Vanquished Creatures
  An orc priest (D:4)
  5 adders
  An ufetubus (D:3)
  2 worms
  A dart slug (D:1)
  5 orcs
  6 ball pythons
  3 bats
  4 endoplasms
  8 giant cockroaches
  8 goblins
  7 hobgoblins
  3 jackals (D:4)
  5 quokkas
  4 frilled lizards
  7 kobolds
  4 rats
74 creatures vanquished.

Notes
Turn   | Place    | Note
-------+----------+-------------------------------------------
     0 | D:1      | LeprechaunX the Octopode Shapeshifter began the quest for
                  | the Orb.
     0 | D:1      | Reached XP level 1. HP: 13/13 MP: 1/1
    45 | D:1      | Found a faded altar of an unknown god.
   189 | D:1      | Reached XP level 2. HP: 18/18 MP: 2/2
   765 | D:2      | Reached XP level 3. HP: 23/23 MP: 3/3
  1486 | D:3      | Reached XP level 4. HP: 27/29 MP: 4/4
  1941 | D:3      | Reached skill level 4 in Shapeshifting
  1941 | D:3      | Reached XP level 5. HP: 31/34 MP: 5/5
  2475 | D:4      | Noticed Robin
  2605 | D:4      | Slain by an orc wizard

Illustrated notes

Levels and vault maps discovered:
D:1:      dpeg_arrival_shelter, layout_basic, hellmonk_ecumenical_altar_blasted,
          hangedman_abyss_or_decor_stabs
D:2:      layout_basic, grunt_ministairs_11
D:3:      layout_loops_corners
D:4:      layout_layer_cave, mainiacjoe_overflow_chevrons,
          gammafunk_temple_overflow_wave, hangedman_abyss_or_decor_lesser_grid,
          uniq_robin

Skill      XL: |  1  2  3  4  5 |
---------------+----------------+-----
Fighting       | 2 |  2.3
Shapeshifting  | 4 |  4.2
Dodging        | 3 |  3.0
Unarmed Combat | |  3.8

Action                     |  1- 3 |  4- 6 || total
---------------------------+-------+-------++-------
  Melee: Unarmed           |    78 |    76 ||   154
         Constrict         |    21 |    23 ||    44
         Tentacles         |    13 |    17 ||    30
         Punch             |     5 |       ||     5
    Use: Potion            |       |     2 ||     2
   Stab: Sleeping          |     6 |     7 ||    13
         Distracted        |     1 |       ||     1
 Armour: Skin              |    31 |    40 ||    71
  Dodge: Dodged            |    33 |    56 ||    89

Table legend: (Time is in decaauts)
 A = Elapsed time spent in this place.
 B = Non-inter-level travel time spent in this place.
 C = Inter-level travel time spent in this place.
 D = Time resting spent in this place.
 E = Time spent auto-exploring this place.
 F = Levels seen in this place.
 G = Mean time per level.
                   A        B        C        D        E       F      G
               +--------+--------+--------+--------+--------+-----+--------+
         Total |   2595 |   2524 |     71 |     66 |   2003 |   4 |  648.8 |
       Dungeon |   2595 |   2524 |     71 |     66 |   2003 |   4 |  648.8 |
               +--------+--------+--------+--------+--------+-----+--------+

Top non-repeatable levels by time:
     D:3: 996 daAuts
     D:2: 815 daAuts
     D:1: 524 daAuts
     D:4: 258 daAuts
